 Dungeon Crawl Stone Soup version 0.26-a0-519-gb2f46efeda (webtiles) character file.

Game seed: 11753492888702608338

75054 KristoblXynda the Nimble (level 15, 0/108 HPs)
             Began as a Vampire Gladiator on Aug 10, 2020.
             Was a High Priest of Ashenzari.
             Slain by a red devil
             ... wielding a +0 trident
             ... summoned by an orc high priest
              (15 damage)
             ... on level 2 of the Orcish Mines on Aug 11, 2020.
             The game lasted 00:53:32 (24184 turns).

KristoblXynda the Nimble (Vampire Gladiator)       Turns: 24184, Time: 00:53:33

Health: 0/108      AC: 12    Str: 15    XL:     15   Next: 8%
Magic:  16/16      EV: 26    Int: 14    God:    Ashenzari [*****.]
Gold:   3145       SH:  9    Dex: 17    Spells: 18/27 levels left

rFire    + . .     SeeInvis +   o - +0 scimitar (flame)
rCold    + . .     Faith    .   a - +3 buckler (curse)
rNeg     . . .     Spirit   .   z - +2 ring mail {rPois} (curse)
rPois    +         Reflect  .   Q - +1 hat of Wiumeq {+Blink +Inv rF+ MP-9}
rElec    .         Harm     .   q - scarf {repulsion} (curse)
rCorr    .         Clarity  +   I - +0 pair of gloves
MR       +....                  r - +0 pair of boots of the Harvest Moon {rC+} (curse)
Stlth    ++++......             U - amulet of regeneration
HPRegen  0.88/turn              D - +4 ring of slaying
MPRegen  0.15/turn              H - +4 ring of evasion

@: regenerating quickly, studying Unarmed Combat, repel missiles
A: fangs 3, see invisible, unbreathing
a: Exsanguinate, Curse Item, Scrying, Transfer Knowledge, Renounce Religion,
Evoke Blink, Evoke Invisibility


You were on level 2 of the Orcish Mines.
You worshipped Ashenzari.
Ashenzari was extremely pleased with you.
You visited 5 branches of the dungeon, and saw 24 of its levels.
You also visited: Gauntlet.

You collected 3145 gold pieces.

Inventory:

Hand Weapons
 n - a +0 scimitar of freezing
 o - a +0 scimitar of flaming (weapon)
Missiles
 d - 7 throwing nets (quivered)
Armour
 a - a cursed +3 buckler (worn)
 q - a cursed scarf of repulsion (worn)
 r - the cursed +0 pair of boots of the Harvest Moon (worn) {rC+}
   (You found it on level 14 of the Dungeon)

   It protects you from cold.
   It has a curse placed upon it.
 z - a cursed +2 ring mail of poison resistance (worn)
 I - a +0 pair of gloves (worn)
 Q - the +1 hat of Wiumeq (worn) {+Blink +Inv rF+ MP-9}
   (You found it in a Gauntlet)

   It protects you from fire.
   It affects your magic capacity (-9).
   It lets you turn invisible.
   It lets you blink.
Jewellery
 D - a +4 ring of slaying (left hand)
 H - a +4 ring of evasion (right hand)
 U - an amulet of regeneration (around neck)
Wands
 e - a wand of acid (13)
 s - a wand of disintegration (3)
 w - a wand of paralysis (10)
 y - a wand of iceblast (21)
 S - a wand of digging (9)
Scrolls
 c - a scroll of silence
 f - 6 scrolls of teleportation
 h - 6 scrolls of immolation
 k - 2 scrolls of fear
 m - 10 scrolls of amnesia
 t - 2 scrolls of fog
 A - 5 scrolls of blinking
 F - 3 scrolls of enchant armour
 G - 6 scrolls of identify
 K - 4 scrolls of remove curse
 N - a scroll of vulnerability
 P - 3 scrolls of magic mapping
Potions
 b - 3 potions of cancellation
 g - 6 potions of haste
 i - a potion of ambrosia
 j - a potion of flight
 l - 2 potions of invisibility
 p - 9 potions of curing
 u - 2 potions of stabbing
 x - 4 potions of brilliance
 C - 2 potions of mutation
 J - 2 potions of might
 V - a potion of magic
 W - a potion of lignification
Books
 R - a manual of Unarmed Combat
Miscellaneous
 v - a lightning rod (4/4)
 E - a tin of tremorstones (3/3)
 L - a phantom mirror
 M - a phantom mirror
 Y - a phantom mirror


   Skills:
 - Level 7.0 Fighting
 + Level 13.6 Long Blades
 - Level 2.0 Throwing
 - Level 5.0(7.6) Armour
 + Level 14.7(16.9) Dodging
 - Level 10.7 Stealth
 - Level 4.1(6.6) Shields
 + Level 6.7 Spellcasting
 + Level 11.4 Evocations


You had 18 spell levels left.
You knew the following spells:

 Your Spells              Type           Power        Failure   Level
a - Fireball              Conj/Fire      #.........   100%        5
b - Petrify               Tmut/Erth      #.......     95%         4

Your spell library contained the following spells:

 Spells                   Type           Power        Failure   Level
 Animate Skeleton         Necr           #.....       26%         1
 Apportation              Tloc           #.....       26%         1
 Beastly Appendage        Tmut           #.....       26%         1
 Corona                   Hex            #......      26%         1
 Foxfire                  Conj/Fire      #...         26%         1
 Sandblast                Erth           #.....       26%         1
 Sting                    Tmut/Pois      #...         26%         1
 Summon Small Mammal      Summ           #...         26%         1
 Call Imp                 Summ           #.......     36%         2
 Passwall                 Tmut/Erth      #.......     36%         2
 Poisonous Vapours        Pois/Air       #.....       36%         2
 Wereblood                Tmut           #.......     36%         2
 Call Canine Familiar     Summ           #.......     61%         3
 Gell's Gravitas          Tloc           #.........   61%         3
 Ignite Poison            Fire/Tmut/Pois #.......     61%         3
 Mephitic Cloud           Conj/Pois/Air  #.......     61%         3
 Portal Projectile        Hex/Tloc       #.....       61%         3
 Spider Form              Tmut/Pois      #.........   61%         3
 Stone Arrow              Conj/Erth      #.....       61%         3
 Summon Guardian Golem    Hex/Summ       #.......     61%         3
 Cause Fear               Hex            #.........   95%         4
 Ice Form                 Ice/Tmut       #.......     95%         4
 Olgreb's Toxic Radiance  Pois           #.......     95%         4
 Summon Ice Beast         Ice/Summ       #.......     95%         4
 Summon Lightning Spire   Summ/Air       #.......     95%         4
 Blade Hands              Tmut           #.........   100%        5
 Irradiate                Conj/Tmut      #.........   100%        5
 Lee's Rapid Deconstruct  Erth           #.........   100%        5
 Dispersal                Tloc           #.........   100%        6
 Hydra Form               Tmut           #.........   100%        6
 Starburst                Conj/Fire      #.........   100%        6
 Statue Form              Tmut/Erth      #........    100%        6
 Dragon Form              Tmut           #.........   100%        7
 Controlled Blink         Tloc           N/A          100%        8
 Disjunction              Tloc           #.........   100%        8
 Ignition                 Fire           #.........   100%        8
 Dragon's Call            Summ           #.........   100%        9


Dungeon Overview and Level Annotations

Branches:
Dungeon (14/15)            Temple (1/1) D:4            Lair (6/6) D:9
  Swamp (0/4) Lair:2        Snake (0/4) Lair:2        Slime (1/5) Lair:5
    Orc (2/2) D:11            Elf (0/3) Orc:2       Gauntlet (visited)
 Vaults: D:13-14

Altars:
Ashenzari
Cheibriados
Dithmenos
Elyvilon
Fedhas
Gozag
Hepliaklqana
Kikubaaqudgha
Makhleb
Nemelex Xobeh
Okawaru
Qazlal
Ru
Sif Muna
Trog
Uskayaw
Vehumet
Wu Jian
Xom
Yredelemnul
Zin
The Shining One
Jiyva

Shops:
D:5 }   D:12 *   Orc:1 (

Annotations:
D:14 Rupert
Lair:6 2 transporters, Sensen's ghost, journeyman DECj


Innate Abilities, Weirdness & Mutations

Your natural rate of healing is unusually fast.
You have razor-sharp teeth.
You have supernaturally acute eyesight. (SInv)
You can survive without breathing.


Message History

You slash the ice devil! You burn the ice devil.
The ice devil is lightly wounded.
The sun demon hits you!
You are engulfed in flames!
You resist.
The orc high priest hits you with a +0 glaive!
You hit the orc high priest. You burn the orc high priest.
The orc high priest is heavily wounded.
The warg misses you.
The red devil hits you from afar with a +0 trident!
The sun demon completely misses you. The ice devil hits you.
The ice devil freezes you! You resist.
Unknown command.
You slash the orc high priest! You burn the orc high priest.
The orc high priest is severely wounded.
The warg completely misses you. The orc high priest misses you.
The sun demon hits you!
* * * LOW HITPOINT WARNING * * *
You are engulfed in flames!
You resist.
* * * LOW HITPOINT WARNING * * *
The red devil hits you from afar with a +0 trident!
You die...

##.## ##.##### ,,,
### #...##.## *,*
#.......### *
##.....##.##
###.......##
###...#.#.##
##.##..4....#
#...#.3o.#.##
###.....@#####
*#.^....h4#.##
*#......).o...#
.........#.#.##
****.§.........####
* ** , ..§.........
,,, , * ,
,.............,, ,
, ,** **,,**
..###...## ** , * ,
,, #≈≈. , ,{,,,**


You could see an orc high priest, a sun demon (summoned), an ice devil
(summoned), a warg, a red devil (summoned) and an orc.

Vanquished Creatures
  A dire elephant (Lair:6)
  A minotaur (Gauntlet)
  Snorg (Lair:3)
  The ghost of dogbrainedIDIOT the Thrower, a journeyman BaCj of Cheibriados (Lair:4)
  9 hydras
  Harold (Lair:1)
  A centaur warrior (D:13)
  A merfolk avatar (Lair:6)
  2 ogre magi
  A tengu warrior (D:14)
  8 two-headed ogres
  Nergalle (Lair:1)
  An unseen horror (D:12)
  4 lindwurms (D:13)
  An obsidian statue (Gauntlet)
  An orc sorcerer (Orc:2)
  2 harpies (Lair:6)
  7 ugly things
  4 oklob plants (Lair:5)
  A wolf spider (D:13)
  4 manticores
  A deep elf mage (D:13)
  6 elephants
  Joseph (D:10)
  8 black mambas
  A gargoyle (D:10)
  A torpor snail (Lair:3)
  10 cane toads
  7 rime drakes
  An efreet (D:14)
  A centaur skeleton (D:10)
  10 komodo dragons
  A merfolk (D:11)
  A queen bee (Gauntlet)
  A meliai (D:13)
  A hornet (Lair:6)
  3 polar bears
  3 trolls (D:13)
  17 blink frogs
  10 hippogriffs
  11 dream sheep
  2 spriggans (Lair:1)
  3 shadows
  26 yaks
  4 wyverns (Lair:6)
  2 wraiths
  4 basilisks
  Edmund (D:6)
  4 vampire mosquitoes
  A warg (Orc:1)
  An acid dragon (D:14)
  3 nagas (Lair:2)
  A soldier ant (D:13)
  19 water moccasins
  12 porcupines
  2 black bears
  15 orc warriors
  2 sky beasts
  An ice beast (D:6)
  3 phantoms
  12 ogres
  An eye of draining (D:14)
  6 necrophages
  20 wolves
  7 centaurs
  15 crocodiles
  2 big kobolds
  A bullfrog (shapeshifter) (D:14)
  16 bullfrogs
  A gnoll sergeant (D:5)
  A wyvern zombie (D:14)
  5 scorpions
  A wyvern skeleton (D:9)
  10 killer bees
  9 wights
  A howler monkey (D:5)
  An electric eel (Lair:3)
  3 centaur zombies
  A bullfrog zombie (D:6)
  A quasit (D:9)
  A gnoll shaman (D:10)
  5 bullfrog skeletons
  9 hounds
  17 orc priests
  3 jellies
  2 iguanas
  27 orc wizards
  2 hell rats (Lair:3)
  9 worker ants
  A hound skeleton (D:10)
  A hound zombie (D:5)
  2 howler monkey zombies
  A mummy (D:10)
  2 worker ant zombies
  15 gnolls
  15 adders
  7 river rats (Lair:3)
  2 white imps
  4 ufetubi
  An ooze (D:1)
  An adder skeleton (D:7)
  2 worms
  The ghost of fly the Sneak, a weakling FoDe of Elyvilon (D:6)
  4 dart slugs
  2 leopard geckos
  67 orcs
  A ball python (D:1)
  4 bats
  7 giant cockroaches
  10 hobgoblins
  8 jackals
  10 quokkas
  3 frilled lizards
  11 goblins
  12 kobolds
  8 rats
  2 fungi
  A withered plant (Gauntlet)
648 creatures vanquished.

Vanquished Creatures (others)
  An orc (D:8)
  9 fungi
  26 plants
36 creatures vanquished.

Grand Total: 684 creatures vanquished

Notes
Turn   | Place    | Note
-------+----------+-------------------------------------------
     0 | D:1      | KristoblXynda the Vampire Gladiator began the quest for the
                  | Orb.
     0 | D:1      | Reached XP level 1. HP: 16/16 MP: 1/1
   205 | D:1      | You fall into a shaft and drop 1 floor!
   217 | D:2      | Reached XP level 2. HP: 22/22 MP: 2/2
   391 | D:2      | Found a radiant altar of Vehumet.
   513 | D:2      | Reached XP level 3. HP: 27/27 MP: 3/3
   521 | D:2      | Found a sparkling altar of Nemelex Xobeh.
   949 | D:1      | Reached skill level 1 in Stealth
  1030 | D:1      | Reached XP level 4. HP: 34/34 MP: 4/4
  1414 | D:3      | Reached skill level 4 in Dodging
  1667 | D:4      | Found a staircase to the Ecumenical Temple.
  1671 | Temple   | Entered the Ecumenical Temple
  1745 | Temple   | Became a worshipper of Ashenzari the Shackled
  2058 | D:4      | Noticed an ogre
  2064 | D:4      | Killed an ogre
  2064 | D:4      | Reached XP level 5. HP: 20/41 MP: 5/5
  2441 | D:4      | Identified the cursed +0 robe of Cocytus {rPois rF+}
  2615 | D:4      | Identified the +2 scale mail of the Game of Kings {Harm
                  | rCorr}
  2881 | D:5      | Entered Level 5 of the Dungeon
  2902 | D:5      | Found Edakk's Gadget Boutique.
  2964 | D:5      | Reached XP level 6. HP: 35/47 MP: 6/6
  2973 | D:5      | Reached skill level 1 in Armour
  3045 | D:5      | HP: 2/47 [white imp/puff of frost (7)]
  3312 | D:5      | Noticed a sky beast
  3594 | D:5      | Reached skill level 5 in Dodging
  3647 | D:5      | Reached skill level 5 in Stealth
  3647 | D:5      | Reached XP level 7. HP: 23/52 MP: 7/7
  3791 | D:5      | Reached skill level 5 in Long Blades
  3810 | D:4      | Reached skill level 1 in Evocations
  4467 | D:6      | Reached skill level 6 in Dodging
  4467 | D:6      | Reached XP level 8. HP: 17/58 MP: 8/8
  4750 | D:6      | Found a runed translucent door.
  4759 | D:6      | Noticed fly's ghost (weakling FoDe)
  4932 | D:6      | Reached * piety under Ashenzari
  5220 | D:6      | Noticed a purple ugly thing
  5234 | D:6      | Killed a purple ugly thing
  5234 | D:6      | Reached skill level 7 in Dodging
  5283 | D:6      | Noticed Edmund
  5311 | D:6      | Killed Edmund
  5465 | D:6      | Reached XP level 9. HP: 61/63 MP: 9/9
  6071 | D:6      | Killed fly's ghost
  6118 | D:7      | Found a shadowy altar of Dithmenos.
  7080 | D:8      | Reached skill level 8 in Dodging
  7244 | D:8      | Reached skill level 5 in Evocations
  7490 | D:8      | Reached ** piety under Ashenzari
  7534 | D:8      | Reached skill level 5 in Armour
  7879 | D:9      | Reached skill level 1 in Shields
  8427 | D:9      | Reached XP level 10. HP: 46/70 MP: 10/10
  8898 | D:9      | Found a staircase to the Lair.
  9053 | D:10     | Entered Level 10 of the Dungeon
  9177 | D:10     | Noticed Joseph
  9185 | D:10     | Killed Joseph
  9250 | D:10     | Reached skill level 9 in Dodging
  9819 | D:10     | Found a shimmering altar of Xom.
  9819 | D:10     | Noticed a gargoyle
  9852 | D:10     | Killed a gargoyle
 10120 | D:11     | Found a staircase to the Orcish Mines.
 10939 | Orc:1    | Entered Level 1 of the Orcish Mines
 10969 | D:12     | Found a glowing silver altar of Zin.
 10969 | D:12     | Reached *** piety under Ashenzari
 11140 | D:12     | Found Cisiwen's Assorted Antiques.
 11198 | D:12     | Noticed an unseen horror
 11201 | D:12     | Killed an unseen horror
 11201 | D:12     | Reached skill level 10 in Dodging
 11201 | D:12     | Reached XP level 11. HP: 75/75 MP: 11/11
 11491 | D:12     | Noticed a two-headed ogre
 11509 | D:12     | Killed a two-headed ogre
 11843 | D:13     | Noticed a two-headed ogre
 11844 | D:13     | Noticed a deep elf mage
 11851 | D:13     | Killed a two-headed ogre
 11877 | D:13     | Killed a deep elf mage
 11877 | D:13     | Noticed a two-headed ogre
 11892 | D:13     | Noticed a wolf spider
 11910 | D:13     | Killed a wolf spider
 11912 | D:13     | Killed a two-headed ogre
 11912 | D:13     | Reached skill level 10 in Long Blades
 11992 | D:13     | Noticed a five-headed hydra
 12171 | D:13     | Noticed a centaur warrior
 12219 | D:13     | Killed a centaur warrior
 12219 | D:13     | Reached skill level 11 in Dodging
 12537 | D:13     | Killed a five-headed hydra
 12537 | D:13     | Reached XP level 12. HP: 81/81 MP: 12/12
 12618 | D:13     | Reached skill level 10 in Stealth
 12906 | D:13     | Noticed an ogre mage
 12913 | D:13     | Killed an ogre mage
 13146 | D:13     | Noticed a two-headed ogre
 13160 | D:13     | Killed a two-headed ogre
 13384 | D:14     | Found a snail-covered altar of Cheibriados.
 13679 | D:14     | Noticed an ogre mage
 13682 | D:14     | Got the cursed pair of boots of the Harvest Moon {rC+}
 13682 | D:14     | Noticed a two-headed ogre
 13682 | D:14     | Noticed a two-headed ogre
 13686 | D:14     | Noticed a two-headed ogre
 13697 | D:14     | Noticed a two-headed ogre
 13719 | D:14     | Killed an ogre mage
 13749 | D:14     | Killed a two-headed ogre
 13756 | D:14     | Killed a two-headed ogre
 13756 | D:14     | Reached skill level 12 in Dodging
 13771 | D:14     | Killed a two-headed ogre
 13773 | D:14     | Killed a two-headed ogre
 13818 | D:14     | Identified the cursed +0 pair of boots of the Harvest Moon
                  | {rC+} (You found it on level 14 of the Dungeon)
 14179 | D:14     | Noticed a vault guard
 14310 | D:14     | Noticed a tengu warrior
 14317 | D:14     | Killed a tengu warrior
 14380 | D:14     | Noticed Rupert
 14434 | D:14     | Paralysed by Rupert for 2 turns
 14586 | D:13     | Reached skill level 5 in Fighting
 14586 | D:13     | Reached XP level 13. HP: 78/91 MP: 13/13
 14810 | Lair:1   | Entered Level 1 of the Lair of Beasts
 15186 | Lair:1   | Noticed Harold
 15202 | Lair:1   | Killed Harold
 15412 | Lair:1   | Noticed Nergalle
 15427 | Lair:1   | Killed Nergalle
 15427 | Lair:1   | Reached skill level 10 in Evocations
 15918 | Lair:2   | Found a staircase to the Snake Pit.
 15919 | Lair:2   | Reached **** piety under Ashenzari
 16013 | Lair:2   | Learned a level 5 spell: Fireball
 16066 | Lair:2   | Reached skill level 1 in Spellcasting
 16193 | Lair:2   | Reached skill level 13 in Dodging
 16584 | Lair:2   | Found a staircase to the Swamp.
 17045 | Lair:3   | Found a gate leading to a gauntlet.
 17054 | Gauntlet | Entered a Gauntlet
 17054 | Gauntlet | Found a transporter.
 17054 | Gauntlet | Found a transporter.
 17081 | Gauntlet | Found a transporter.
 17084 | Gauntlet | Found a transporter.
 17088 | Gauntlet | Found a runed translucent door.
 17090 | Gauntlet | Found a runed translucent door.
 17092 | Gauntlet | Found a transporter.
 17095 | Gauntlet | Found a transporter.
 17104 | Gauntlet | Found a transporter.
 17121 | Gauntlet | Found a transporter.
 17124 | Gauntlet | Identified the ring of Sihagamn {*Tele rF+ Int+4 Dex+6}
 17138 | Gauntlet | Found a transporter.
 17141 | Gauntlet | Found a transporter.
 17157 | Gauntlet | Found a transporter.
 17160 | Gauntlet | Found a transporter.
 17613 | Gauntlet | Noticed a minotaur
 17621 | Gauntlet | Killed a minotaur
 17826 | Gauntlet | Got the uncursed hat of Wiumeq {+Blink +Inv rF+ MP-9}
 17845 | Gauntlet | Identified the +1 hat of Wiumeq {+Blink +Inv rF+ MP-9} (You
                  | found it in a Gauntlet)
 18163 | Lair:3   | Reached XP level 14. HP: 103/103 MP: 10/19
 18189 | Lair:3   | Noticed Snorg
 18203 | Lair:3   | Killed Snorg
 19065 | Lair:4   | Found a runed translucent door.
 19066 | Lair:4   | Noticed dogbrainedIDIOT's ghost (journeyman BaCj)
 19483 | Lair:4   | Reached ***** piety under Ashenzari
 19893 | Lair:4   | Killed dogbrainedIDIOT's ghost
 20066 | Lair:5   | Found a staircase to the Slime Pits.
 20067 | Lair:5   | Found a viscous altar of Jiyva.
 20561 | Lair:5   | Reached skill level 5 in Spellcasting
 20688 | Lair:5   | Reached skill level 14 in Dodging
 21240 | Slime:1  | Entered Level 1 of the Pits of Slime
 21260 | Lair:6   | Entered Level 6 of the Lair of Beasts
 21816 | Lair:6   | Found a transporter.
 21818 | Lair:6   | Found a transporter.
 21959 | Lair:6   | Learned a level 4 spell: Petrify
 22320 | Lair:6   | HP: 5/103 [dire elephant (31)]
 22348 | Lair:6   | Noticed Sensen's ghost (journeyman DECj)
 22366 | Lair:6   | HP: 5/103 [dire elephant (13)]
 22782 | Lair:6   | Reached XP level 15. HP: 105/108 MP: 15/24
 22943 | Lair:6   | Identified a scroll of acquirement
 23272 | Lair:6   | Acquired 830 gold pieces
 23536 | Orc:1    | Found Laifeon's Weapon Shoppe.
 23993 | Orc:2    | Entered Level 2 of the Orcish Mines
 24184 | Orc:2    | Slain by a red devil

Illustrated notes

Levels and vault maps discovered:
D:1:      ncdulo_wetmaze, layout_rooms, minmay_pentomino_w4
D:2:      layout_basic, fiery_altar_vehumet, serial_forest,
          infiniplex_forest_lined_ring, infiniplex_forest_straight_1,
          infiniplex_forest_pool, infiniplex_forest_clump_C,
          infiniplex_forest_split, nemelex_xobeh_ov_fountains_minmay
D:3:      layout_rooms
D:4:      layout_cave_pods, minmay_temple_entry_statues_fountains
D:5:      layout_cave_pools, serial_shops, shop
D:6:      layout_basic, ebering_ghost_sewer_d, minmay_three_doors, uniq_edmund
D:7:      layout_basic, skrybe_limestone_x, nicolae_dithmenos_shadow_blocks
D:8:      layout_loops_corners, grunt_ministairs_2
D:9:      layout_long_grid, david_lair_shrubbed
D:10:     layout_roguey, serial_undead, serial_undead_f, serial_undead_b,
          serial_undead_f, serial_undead_b, tgw_xom, uniq_joseph
D:11:     layout_rooms, orc_0_dummy, hex_medium, hangedman_fish_farm
D:12:     layout_gridville, basic_altar, serial_shops, shop_fountains
D:13:     minmay_the_grid_octo_tiled_squarecenter_mashed
          [minmay_the_grid_octo_fan_narrow, minmay_the_grid_octo_toaster,
          minmay_the_grid_octo_77, minmay_the_grid_octo_thin_diamonds,
          minmay_the_grid_square_5x5_megaprize_open,
          minmay_the_grid_square_5x5_inset,
          minmay_the_grid_square_5x5_sharp_hourglass,
          minmay_the_grid_square_5x5_bridge, minmay_the_grid_square_5x5_seven],
          layout_basic, minmay_lindwurm_lava
D:14:     minmay_slanted_spiral_squares, layout_irregular_city,
          grunt_vaults_entry_fortified, serial_bayou_pond_c, basic_altar,
          minivault_23, uniq_jorgrun, uniq_rupert
Temple:   nicolae_temple_the_god_donut
Lair:1:   wad_woods_tower, layout_big_grid, patterned_corridor,
          lemuel_fruit_fields, uniq_harold, uniq_nergalle
Lair:2:   layout_misc_corridors, swamp_mist, minmay_snake_entry_guardpost_small,
          serial_bayou_pond_c, beast_lair_carwin_5
Lair:3:   layout_chaotic_city, gauntlet_entry_generic, kennysheep_rathole,
          serial_bayou_shore_a, uniq_snorg
Lair:4:   layout_long_grid, ebering_ghost_inner_flame
Lair:5:   layout_cave_pods, slime_altar_1, eino_small_chamber_without_monster,
          grunt_megastairs_1, minmay_lair_oklob_chamber
Lair:6:   gammafunk_lair_ancient_temple, layout_gridlike, gammafunk_ghost_hive,
          lemuel_fruit_tree
Slime:1:  layout_caves
Orc:1:    layout_caves, serial_shops, nicolae_shop_trees
Orc:2:    st_orc_rangers, layout_diamond_mine

Skill      XL: |  1  2  3  4  5  6  7  8  9 10 11 12 13 14 |
---------------+-------------------------------------------+-----
Fighting       | 2 3 5 7 |  7.0
Throwing       | 2 |  2.0
Stealth        | 1 3 5 6 9 10 | 10.7
Dodging        | 4 5 6 7 8 10 11 12 13 14 | 14.7
Long Blades    | 4 5 6 7 9 10 11 12 13 | 13.6
Armour         | 1 2 4 5 |  5.0
Evocations     | 2 3 5 7 8 9 10 11 | 11.4
Shields        | 1 4 |  4.1
Spellcasting   | 3 6 |  6.7

Action                   |  1- 3 |  4- 6 |  7- 9 | 10-12 | 13-15 || total
-------------------------+-------+-------+-------+-------+-------++-------
Melee: Dagger            |    97 |   189 |   768 |  1210 |    12 ||  2276
       Long sword        |     8 |       |     3 |       |       ||    11
       Bite              |    10 |    27 |   106 |   181 |   190 ||   514
       Scimitar          |       |       |    61 |    67 |  1150 ||  1278
Invok: Curse Item        |       |       |     2 |     1 |       ||     3
Evoke: Wand              |       |     1 |     4 |    24 |    23 ||    52
       Phantom mirror    |       |       |       |     1 |       ||     1
  Use: Scroll            |       |    14 |     6 |    13 |     8 ||    41
       Potion            |       |     2 |       |     2 |     6 ||    10
 Stab: Sleeping          |     2 |     3 |    10 |    23 |    25 ||    63
       Paralysed         |       |     1 |     4 |       |       ||     5
       Distracted        |       |       |     1 |     1 |     1 ||     3
Armor: Leather armour    |    14 |       |       |       |       ||    14
       Ring mail         |    12 |    78 |   255 |   167 |   166 ||   678
Dodge: Dodged            |    67 |   136 |   578 |   639 |   911 ||  2331
       Repelled          |       |       |       |     3 |     3 ||     6
Block: Buckler           |       |       |    80 |   361 |   481 ||   922
       Rpst.: Long sword |     4 |       |     2 |       |       ||     6
       Scimitar          |       |       |    11 |    16 |   229 ||   256

Table legend: (Time is in decaauts)
 A = Elapsed time spent in this place.
 B = Non-inter-level travel time spent in this place.
 C = Inter-level travel time spent in this place.
 D = Time resting spent in this place.
 E = Time spent auto-exploring this place.
 F = Levels seen in this place.
 G = Mean time per level.
                   A        B        C        D        E       F      G
               +--------+--------+--------+--------+--------+-----+--------+
         Total |  23435 |  22520 |    915 |   4552 |  10595 |  25 |  937.4 |
       Dungeon |  14013 |  13432 |    581 |   2802 |   6137 |  14 | 1000.9 |
        Temple |    272 |    255 |     17 |      0 |    180 |   1 |  272.0 |
          Lair |   7655 |   7349 |    306 |   1321 |   3848 |   6 | 1275.8 |
    Slime Pits |      1 |      1 |      0 |      0 |      0 |   1 |    1.0 |
  Orcish Mines |    701 |    691 |     10 |     30 |    430 |   2 |  350.5 |
      Gauntlet |    790 |    790 |      0 |    398 |      0 |   1 |  790.0 |
               +--------+--------+--------+--------+--------+-----+--------+

Top non-repeatable levels by time:
    D:13: 1807 daAuts
  Lair:5: 1619 daAuts
     D:6: 1616 daAuts
  Lair:6: 1609 daAuts
     D:4: 1524 daAuts
     D:9: 1247 daAuts
  Lair:3: 1202 daAuts
  Lair:4: 1191 daAuts
  Lair:2: 1040 daAuts
    D:10: 1009 daAuts
  Lair:1: 991 daAuts
    D:14: 945 daAuts
     D:5: 930 daAuts
     D:8: 927 daAuts
    D:11: 849 daAuts
